 Dungeon Crawl Stone Soup version 0.28.0-43-g3370ac3207 (webtiles) character file.

Game seed: 2506229174858517636

259 Ablot the Grasshopper (level 6, -6/50 HPs)
             Began as a Gnoll Warper on Mar 7, 2022.
             Mangled by an orc priest
             ... wielding a +2 vorpal hand axe
              (8 damage)
             ... on level 3 of the Dungeon.
             The game lasted 00:03:54 (2957 turns).

Ablot the Grasshopper (Gnoll Warper)                Turns: 2957, Time: 00:03:54

Health: -6/50      AC:  7    Str: 12    XL:     6   Next: 17%
Magic:  13/13      EV: 13    Int: 13    God:
Gold:   64         SH:  0    Dex: 11    Spells: 13/15 levels left

rFire   . . .      SeeInvis .   a - +1 spear (freeze)
rCold   . . .      Faith    .   (no shield)
rNeg    . . .      Spirit   .   b - +0 leather armour
rPois   .          Reflect  .   n - +1 hat
rElec   .          Harm     .   f - +0 cloak
rCorr   .          Rampage  .   o - +1 pair of gloves
Will    .....                   (no boots)
Stlth   +.........              (no amulet)
HPRegen 0.16/turn               (no ring)
MPRegen 0.13/turn               (no ring)

@: no status effects
A: fangs 1, strong nose, distributed training
a: no special abilities


You were on level 3 of the Dungeon.
You visited 1 branch of the dungeon, and saw 3 of its levels.

You collected 64 gold pieces.

Inventory:

Hand Weapons
 a - a +1 spear of freezing (weapon)
 s - a +0 hunting sling
Missiles
 d - 5 boomerangs of dispersal (quivered)
 h - 15 stones
 j - 34 bolts
Armour
 b - a +0 leather armour (worn)
 f - a +0 cloak (worn)
 n - a +1 hat (worn)
 o - a +1 pair of gloves (worn)
Scrolls
 c - a scroll of blinking
 i - a scroll of noise {unknown}
 p - a scroll of vulnerability {unknown}
 r - a scroll of teleportation {unknown}
 u - a scroll of magic mapping {unknown}
 v - a scroll of identify {unknown}
 w - a scroll of fog {unknown}
Potions
 e - 2 potions of curing {unknown}
 g - a potion of cancellation {unknown}
 k - 2 potions of brilliance {unknown}
 l - 2 potions of attraction {unknown}
 m - a potion of lignification {unknown}
 q - a potion of might {unknown}
 t - a potion of flight {unknown}


   Skills:
 + Level 4.9 Fighting
 + Level 1.8 Short Blades
 + Level 1.8 Long Blades
 + Level 1.8 Axes
 + Level 1.8 Maces & Flails
 + Level 4.9 Polearms
 + Level 1.8 Staves
 + Level 1.8 Slings
 + Level 1.8 Bows
 + Level 1.8 Crossbows
 + Level 3.1 Throwing
 + Level 3.1 Armour
 + Level 4.9 Dodging
 + Level 1.8 Stealth
 + Level 1.8 Shields
 + Level 1.8 Unarmed Combat
 + Level 5.3 Spellcasting
 + Level 1.4 Conjurations
 + Level 1.4 Hexes
 + Level 1.4 Summonings
 + Level 1.4 Necromancy
 + Level 5.6 Translocations
 + Level 1.4 Transmutations
 + Level 1.4 Fire Magic
 + Level 1.4 Ice Magic
 + Level 1.4 Air Magic
 + Level 1.4 Earth Magic
 + Level 1.4 Poison Magic
 + Level 2.0 Invocations
 + Level 1.8 Evocations


You had 13 spell levels left.
You knew the following spells:

 Your Spells              Type           Power      Damage    Failure   Level
a - Blink                 Tloc           36%        N/A       3%          2

Your spell library contained the following spells:

 Spells                   Type           Power      Damage    Failure   Level
 Gell's Gravitas          Tloc           18%        N/A       7%          3
 Lesser Beckoning         Tloc           18%        N/A       7%          3
 Teleport Other           Tloc           18%        N/A       7%          3
 Manifold Assault         Tloc           18%        N/A       54%         5


Dungeon Overview and Level Annotations

Branches:
Dungeon (3/15)

Altars:
Sif Muna


Innate Abilities, Weirdness & Mutations

You have very sharp teeth.
Your uncanny sense of smell can sniff out nearby items.
Your experience applies equally to all skills.


Message History

The bat closely misses you. The orc wizard barely misses you.
The orc priest hits you but does no damage.
The orc hits you but does no damage.
You hit the orc priest but do no damage.
The orc priest is severely wounded.
The bat hits you but does no damage. The orc wizard casts a spell at you.
The puff of flame hits you!
The orc priest hits you with a +2 vorpal hand axe.
The orc hits you but does no damage.
You hit the orc priest but do no damage.
You bite the orc priest, but do no damage.
The orc priest is severely wounded.
The bat misses you. The orc wizard barely misses you.
The orc priest misses you. The orc closely misses you.
You hit the orc priest but do no damage.
The orc priest is severely wounded.
The bat closely misses you. The orc wizard misses you.
The orc priest invokes the aid of Beogh against you.
Beogh smites you!
* * * LOW HITPOINT WARNING * * *
You hit the orc priest but do no damage.
The orc priest is severely wounded.
The orc hits you but does no damage.
The orc wizard hits you with a +0 dagger.
* * * LOW HITPOINT WARNING * * *
The orc priest hits you but does no damage.
The bat completely misses you.
You hit the orc priest but do no damage.
The orc priest is heavily wounded.
The bat hits you but does no damage. The bat barely misses you.
The orc closely misses you.
The orc wizard points at you and mumbles some strange words.
You resist with some effort.
You closely miss the orc priest.
The orc priest is heavily wounded.
The bat hits you.
* * * LOW HITPOINT WARNING * * *
The orc priest hits you with a +2 vorpal hand axe!
You die...

#.. ############ #.# #..
#.......#..##.. #.# #...
#.##.oo....... #.###
#....######.##.#@...#####. #...
#....#...##..o.#.ob....... #..##
#...........o#####..##### #....
...##...###o#......#...#..##....
#...###.#.####.#......#<..<.
#.....oo>.#.....##.##.##.#..
..............#####†#........###
..............# #.#..........
.........<.o.#.#####..........##


You could see an orc priest, an orc wizard, an orc and a bat.

Vanquished Creatures
  An orc priest (D:2)
  Jessica (D:1)
  An orc wizard (D:3)
  Natasha (thrice) (D:2)
  Robin (D:2)
  An adder (D:2)
  2 dart slugs
  4 orcs
  6 ball pythons
  6 bats
  6 endoplasms
  2 giant cockroaches (D:1)
  6 hobgoblins (D:1)
  8 jackals
  6 kobolds
  2 quokkas (D:1)
  3 frilled lizards
  12 goblins
  7 rats
78 creatures vanquished.

Vanquished Creatures (others)
  2 plants (D:3)
2 creatures vanquished.

Grand Total: 80 creatures vanquished

Notes
Turn   | Place    | Note
-------+----------+-------------------------------------------
     0 | D:1      | Ablot the Gnoll Warper began the quest for the Orb.
     0 | D:1      | Reached XP level 1. HP: 20/20 MP: 6/6
   298 | D:1      | Reached XP level 2. HP: 26/26 MP: 7/7
   307 | D:1      | Learned a level 2 spell: Blink
   674 | D:1      | Reached XP level 3. HP: 24/31 MP: 9/9
   684 | D:1      | Reached skill level 5 in Spellcasting
   977 | D:1      | Reached skill level 1 in Invocations
  1195 | D:2      | Found a faded altar of an unknown god.
  1203 | D:2      | Noticed Jessica
  1208 | D:1      | Killed Jessica
  1209 | D:1      | Reached skill level 1 in Short Blades
  1209 | D:1      | Reached skill level 1 in Long Blades
  1209 | D:1      | Reached skill level 1 in Axes
  1209 | D:1      | Reached skill level 1 in Maces & Flails
  1209 | D:1      | Reached skill level 1 in Staves
  1209 | D:1      | Reached skill level 1 in Slings
  1209 | D:1      | Reached skill level 1 in Bows
  1209 | D:1      | Reached skill level 1 in Crossbows
  1209 | D:1      | Reached skill level 1 in Stealth
  1209 | D:1      | Reached skill level 1 in Shields
  1209 | D:1      | Reached skill level 1 in Unarmed Combat
  1209 | D:1      | Reached skill level 1 in Evocations
  1209 | D:1      | Reached XP level 4. HP: 32/38 MP: 11/11
  1323 | D:2      | Noticed Robin
  1676 | D:2      | Killed Robin
  1677 | D:2      | Reached skill level 1 in Conjurations
  1677 | D:2      | Reached skill level 1 in Hexes
  1677 | D:2      | Reached skill level 1 in Summonings
  1677 | D:2      | Reached skill level 1 in Necromancy
  1677 | D:2      | Reached skill level 1 in Transmutations
  1677 | D:2      | Reached skill level 1 in Fire Magic
  1677 | D:2      | Reached skill level 1 in Ice Magic
  1677 | D:2      | Reached skill level 1 in Air Magic
  1677 | D:2      | Reached skill level 1 in Earth Magic
  1677 | D:2      | Reached skill level 1 in Poison Magic
  1677 | D:2      | Found a shimmering blue altar of Sif Muna.
  1865 | D:2      | Noticed Natasha
  1871 | D:2      | Killed Natasha
  1872 | D:2      | Reached XP level 5. HP: 37/43 MP: 12/12
  1879 | D:2      | Noticed Natasha
  1886 | D:2      | Killed Natasha
  2201 | D:2      | Noticed Natasha
  2224 | D:2      | Killed Natasha
  2622 | D:2      | Reached XP level 6. HP: 26/50 MP: 13/13
  2957 | D:3      | HP: 2/50 [bat (1)]
  2957 | D:3      | Mangled by an orc priest

Illustrated notes

Levels and vault maps discovered:
D:1:      dpeg_cavernosity, layout_rooms
D:2:      layout_rooms, basic_altar, nicolae_ecumenical_oubliette,
          serial_curves, eino_curves_03, eino_curves_04,
          kennysheep_generic_room_14, uniq_natasha, uniq_robin, uniq_jessica
D:3:      layout_basic, fedhas_ov_isle_minmay, uniq_crazy_yiuf_cottage

Skill      XL: |  1  2  3  4  5  6 |
---------------+-------------------+-----
Spellcasting   | 5 |  5.3
Invocations    | 1 2 |  2.0
Short Blades   | 1 |  1.8
Long Blades    | 1 |  1.8
Axes           | 1 |  1.8
Maces & Flails | 1 |  1.8
Staves         | 1 |  1.8
Slings         | 1 |  1.8
Bows           | 1 |  1.8
Crossbows      | 1 |  1.8
Stealth        | 1 |  1.8
Shields        | 1 |  1.8
Unarmed Combat | 1 |  1.8
Evocations     | 1 |  1.8
Conjurations   | 1 |  1.4
Hexes          | 1 |  1.4
Summonings     | 1 |  1.4
Necromancy     | 1 |  1.4
Transmutations | 1 |  1.4
Fire Magic     | 1 |  1.4
Ice Magic      | 1 |  1.4
Air Magic      | 1 |  1.4
Earth Magic    | 1 |  1.4
Poison Magic   | 1 |  1.4
Throwing       | 3 |  3.1
Armour         | 3 |  3.1
Fighting       | |  4.9
Polearms       | |  4.9
Dodging        | |  4.9
Translocations | |  5.6

Action                   |  1- 3 |  4- 6 || total
-------------------------+-------+-------++-------
Melee: Spear             |   133 |   193 ||   326
       Bite              |    14 |    24 ||    38
       Punch             |     1 |     3 ||     4
 Stab: Sleeping          |     3 |       ||     3
Armor: Leather armour    |    35 |    81 ||   116
Dodge: Dodged            |    76 |   153 ||   229
